 Dungeon Crawl Stone Soup version 0.29.0-13-gc9e81de378 (webtiles) character file.

Game seed: 5087101511075978460

4 MisterFreud the Shield-Bearer (level 1, 0/14 HPs)
             Began as a Gargoyle Fighter on Sept 10, 2022.
             Frozen to death by an endoplasm (5 damage)
             ... on level 1 of the Dungeon.
             The game lasted 00:00:25 (235 turns).

MisterFreud the Shield-Bearer (Gargoyle Fighter)     Turns: 235, Time: 00:00:26

Health: 0/14       AC:  9    Str: 19    XL:     1   Next: 70%
Magic:  1/1        EV:  9    Int:  8    God:
Gold:   0          SH:  4    Dex:  9    Spells: 0/0 levels left

rFire   + . .      SeeInvis .   e - +3 mace
rCold   . . .      Faith    .   c - +0 buckler
rNeg    + . .      Spirit   .   b - +0 scale mail
rPois   ∞          Reflect  .   (no helmet)
rElec   +          Harm     .   (no cloak)
rCorr   .          Rampage  .   (no gloves)
Will    .....                   (no boots)
Stlth   ..........              (no amulet)
HPRegen 0.04/turn               g - ring of protection from fire
MPRegen 0.07/turn               (no ring)

@: very slow
A: sickness immunity, AC +2, negative energy resistance 1, electricity
resistance, torment resistance 1, petrification resistance
a: no special abilities


You were on level 1 of the Dungeon.
You visited 1 branch of the dungeon, and saw 1 of its levels.

Inventory:

Hand Weapons
 a - a +0 flail
 e - a +3 mace (weapon)
Armour
 b - a +0 scale mail (worn)
 c - a +0 buckler (worn)
Jewellery
 g - a ring of protection from fire (left hand)
Scrolls
 f - a scroll of blinking {unknown}
Potions
 d - a potion of might
 h - a potion of degeneration {unknown}


   Skills:
 - Level 3.2 Fighting
 + Level 2.4 Maces & Flails
 - Level 3.2 Armour
 - Level 3.2 Shields


You couldn't memorise any spells.
You didn't know any spells.
Your spell library was empty.

Dungeon Overview and Level Annotations

Branches:
Dungeon (1/15)

Altars:


Innate Abilities, Weirdness & Mutations

You are immune to sickness and miasma.
Your stone body is resilient. (AC +2)
You are immune to poison.
You resist negative energy. (rN+)
You are resistant to electric shocks. (rElec)
You are resistant to unholy torment.
You are immune to petrification.


Message History

You hit the frilled lizard.
The frilled lizard is heavily wounded.
The frilled lizard bites you but does no damage.
You thump the frilled lizard!
You kill the frilled lizard!
No target in view!
g - a ring of protection from fire
g - a ring of protection from fire (left hand)
h - a golden potion
Found a short sword.
Found a stone staircase leading down.
You enter the shallow water.
Moving in this stuff is going to be slow.
A goblin comes into view. It is wielding a +1 dagger of draining.
The goblin shouts!
A goblin is nearby!
A goblin is nearby!
An endoplasm comes into view.
The endoplasm quivers.
The goblin closely misses you.
Your unstable footing causes you to fumble your attack.
The goblin hits you but does no damage.
Your unstable footing causes you to fumble your attack.
You block the endoplasm's attack. The goblin closely misses you.
Your unstable footing causes you to fumble your attack.
The endoplasm misses you. The goblin barely misses you.
The endoplasm freezes you.
You are frozen.
The goblin hits you but does no damage.
Your unstable footing causes you to fumble your attack.
The endoplasm freezes you.
You are frozen.
The goblin barely misses you.
Your unstable footing causes you to fumble your attack.
The endoplasm barely misses you.
The goblin hits you with a +1 dagger of draining.
You are too injured to fight recklessly!
You are too injured to fight recklessly!
Your unstable footing causes you to fumble your attack.
The endoplasm freezes you.
You are frozen.
You die...

#≈.........# #~.........#
#..........# #..........#
...........# ≈≈#
##..>.......#
≈≈≈######...)..Jg...#
≈≈≈≈#......~~...@~~.#
≈≈≈~~~~~~≈.~~≈~~≈~~.#####
~≈≈≈~~~~~~≈~.~~~≈~......#
~~≈≈~≈~~~~.~~~~≈~≈≈≈....#
..~~~~≈~~~~~~.≈~≈~~~#...#
...~...........#≈≈~≈# ..#
..........######≈≈≈≈# ##
.......#### #≈≈≈≈#
#....#.# #≈≈≈##


You could see an endoplasm and a goblin.

Vanquished Creatures
  A bat (D:1)
  A goblin (D:1)
  A quokka (D:1)
  A frilled lizard (D:1)
4 creatures vanquished.

Notes
Turn   | Place    | Note
-------+----------+-------------------------------------------
     0 | D:1      | MisterFreud the Gargoyle Fighter began the quest for the
                  | Orb.
     0 | D:1      | Reached XP level 1. HP: 14/14 MP: 1/1
   235 | D:1      | Frozen to death by an endoplasm

Illustrated notes

Levels and vault maps discovered:
D:1:      eino_arrival_cavern_c, layout_rooms, serial_rivers,
          chequers_serial_rivers_micro_a, chequers_serial_rivers_large_b,
          chequers_serial_rivers_micro_b, chequers_serial_rivers_large_a,
          chequers_serial_rivers_small_a, chequers_serial_rivers_micro_c,
          ebering_ecumenical_altar_rust, serial_bayou_ford_a

Action                   || total
-------------------------++-------
Melee: Mace              ||    13
       Flail             ||     3
Armor: Scale mail        ||    12
Dodge: Dodged            ||    10
Block: Buckler           ||     2
